 Dungeon Crawl Stone Soup version 0.30.0-13-g156ef70053 (webtiles) character file.

Game seed: 18236929548107967380

5924 BubbleThief the Arsonist (level 10, 0/86 (92) HPs)
             Began as a Naga Fire Elementalist on May 17, 2023.
             Was an Initiate of the Shining One.
             Slain by a hell rat (3 damage)
             ... on level 9 of the Dungeon.
             The game lasted 00:19:33 (9504 turns).

BubbleThief the Arsonist (Naga Fire Elementalist)   Turns: 9504, Time: 00:19:33

HP:   0/86 (92)     AC:  7    Str: 11    XL:     10   Next: 83%
MP:   3/19          EV:  9    Int: 26    God:    the Shining One [......]
Gold: 1031          SH:  0    Dex: 11    Spells: 14/21 levels left

rFire   + . .        u - +3 dagger (venom)
rCold   . . .        (no shield)
rNeg    . . .        a - +0 robe
rPois   +            (no helmet)
rElec   .            p - +0 cloak
rCorr   .            f - +1 pair of gloves
SInv    +            (no barding)
Will    +....        (no amulet)
Stlth   +            E - +6 ring of intelligence
HPRegen 0.34/turn    d - ring of protection from fire
MPRegen 0.16/turn

%: no passive effects
@: about to teleport, glowing, drained, very slow
A: AC +3, large, see invisible, deformed body, poison resistance, slowness 2,
spit poison 1, naga tail 1
a: Spit Poison, Renounce Religion


You were on level 9 of the Dungeon.
You worshipped the Shining One.
The Shining One was noncommittal.
You visited 2 branches of the dungeon, and saw 10 of its levels.
You also visited: Bailey.

You collected 1031 gold pieces.

Inventory:

Hand Weapons
 c - a +0 dagger of flaming
 g - a +2 heavy long sword
 m - a +2 falchion of holy wrath
 t - a +2 dagger of electrocution
 u - a +3 dagger of venom (weapon)
Missiles
 C - a throwing net
Armour
 a - a +0 robe (worn)
 f - a +1 pair of gloves (worn)
 p - a +0 cloak (worn)
 r - a +3 ring mail
Jewellery
 d - a ring of protection from fire (right hand)
 s - a ring of ice
 w - a ring of flight
 E - a +6 ring of intelligence (left hand)
Wands
 y - a wand of quicksilver (12)
 A - a wand of polymorph (21)
Scrolls
 b - a scroll of poison {unknown}
 o - 2 scrolls of identify
 v - 2 scrolls of enchant armour
 x - a scroll of teleportation
 D - 2 scrolls of fog {unknown}
 F - a scroll of immolation {unknown}
Potions
 e - a potion of might
 h - a potion of ambrosia
 i - 5 potions of lignification
 j - 2 potions of curing
 k - 3 potions of mutation
 l - 6 potions of flight
 n - 4 potions of heal wounds
 q - a potion of brilliance
 z - a potion of berserk rage
 B - a potion of resistance


   Skills:
 + Level 6.5 Fighting
 + Level 4.1 Long Blades
 - Level 1.5 Dodging
 - Level 3.0 Stealth
 - Level 6.0 Spellcasting
 - Level 9.0 Conjurations
 - Level 9.1 Fire Magic


You had 14 spell levels left.
You knew the following spells:

 Your Spells              Type           Power      Damage    Failure   Level
a - Foxfire               Conj/Fire      100%       2x1d9     1%          1
b - Scorch                Fire           100%       2d9       1%          2
c - Flame Wave            Conj/Fire      53%        2d13      1%          4

Your spell library contained the following spells:

 Spells                   Type           Power      Damage    Failure   Level
 Hailstorm                Conj/Ice       31%        3d8       3%          3
 Inner Flame              Hex/Fire       31%        N/A       3%          3
 Volatile Blastmotes      Fire/Tloc      62%        2d15      3%          3
 Apportation              Tloc           14%        N/A       7%          1
 Freeze                   Ice            28%        1d5       7%          1
 Necrotise                Necr           28%        1d5       7%          1
 Summon Small Mammal      Summ           28%        N/A       7%          1
 Frozen Ramparts          Ice            14%        1d3       21%         3
 Vhi's Electric Charge    Tloc/Air       14%        N/A       21%         3
 Arcjolt                  Conj/Air       15%        1d25      30%         5
 Anguish                  Hex/Necr       3%         N/A       56%         4
 Cause Fear               Hex            3%         N/A       56%         4
 Manifold Assault         Tloc           7%         N/A       56%         4
 Dispersal                Tloc           3%         N/A       100%        6
 Enfeeble                 Hex            3%         N/A       100%        7
 Disjunction              Tloc           3%         N/A       100%        8
 Maxwell's Capacitive Co  Air            3%         ∞         100%        8


Dungeon Overview and Level Annotations

Branches:
Dungeon (9/15)             Temple (1/1) D:7          Bailey (visited)
   Lair: D:8-11         Orc: D:9-12

Altars:
Ashenzari
Cheibriados
Elyvilon
Fedhas
Kikubaaqudgha
Makhleb
Nemelex Xobeh
Qazlal
Ru
Uskayaw
Wu Jian
Xom
The Shining One


Innate Abilities, Weirdness & Mutations

Your serpentine skin is tough. (AC +3)
You have supernaturally acute eyesight. (SInv)
Armour fits poorly on your strangely shaped body.
Your system is resistant to poisons. (rPois)
You cover ground very slowly.
You can spit poison.
You have a snake-like lower body.


Message History

The hell rat looks even sicker.
The hell rat is lightly wounded.
The hell rat bites you but does no damage.
Unknown command.
Casting: Scorch (safe; 1% risk of failure)
Confirm with . or Enter, or press ? or * to list all spells.
Flames lash the quokka.
You kill the quokka!
The hell rat closely misses you.
Unknown command.
Casting: Scorch (safe; 1% risk of failure)
Confirm with . or Enter, or press ? or * to list all spells.
You don't have enough magic to cast this spell.
Unknown command.
You barely miss the hell rat.
You punch the hell rat, but do no damage.
The hell rat is moderately wounded.
The hell rat closely misses you.
Unknown command.
Unknown command.
You hit the hell rat.
The hell rat looks as sick as possible!
The hell rat is heavily wounded.
The hell rat barely misses you.
Unknown command.
Unknown command.
You barely miss the hell rat.
You punch the hell rat, but do no damage.
The hell rat is heavily wounded.
You have got your breath back.
The hell rat bites you!
* * * LOW HITPOINT WARNING * * *
You feel drained.
* * * LOW HITPOINT WARNING * * *
A manticore comes into view.
Unknown command.
As you read the scroll of teleportation, it crumbles to dust.
You feel strangely unstable. The hell rat bites you!
* * * LOW HITPOINT WARNING * * *
You feel drained.
You die...

#.######.#.#...###
#.#........#.#....
#.#............#
##.#.........##.#
#............#..#
#..##########)#.#
#..# #...)#.# #
#..#
##.#.#)####...#
#.##
#)##.))@rr....H
#.# #.
#..)####...# #.# #
#. #..... . ..# .#
..#...)### ..##.
#.#...## #.#.#
.###### .....# .
#.##### #..# .#


You could see a manticore, a hell rat (extremely poisoned) and a rat.

Vanquished Creatures
  A boulder beetle (D:9)
  Grinder (D:3)
  A wraith (D:9)
  2 wyverns (D:8)
  Edmund (D:6)
  An acid dragon (D:8)
  9 orc warriors
  A sky beast (D:8)
  An ice beast (D:7)
  A black bear (D:4)
  An ogre (D:5)
  A phantom (D:5)
  3 kobold brigands
  4 bullfrogs
  3 gnoll sergeants
  A scorpion (D:4)
  12 wights
  18 killer bees
  2 jellies
  2 orc priests
  A gnoll bouda (D:9)
  3 hounds
  A sleepcap (D:5)
  5 iguanas
  11 orc wizards
  22 gnolls
  10 adders
  A shadow imp (D:7)
  A white imp (D:7)
  An ufetubus (D:5)
  A worm (D:2)
  2 dart slugs
  27 orcs
  7 bats
  3 endoplasms
  2 giant cockroaches (D:1)
  12 goblins
  10 hobgoblins
  10 jackals
  35 kobolds
  5 quokkas
  6 ball pythons
  4 frilled lizards
  6 rats
252 creatures vanquished.

Vanquished Creatures (others)
  243 foxfires
243 creatures vanquished.

Grand Total: 495 creatures vanquished

Notes
Turn   | Place    | Note
-------+----------+-------------------------------------------
     0 | D:1      | BubbleThief the Naga Fire Elementalist began the quest for
                  | the Orb.
     0 | D:1      | Reached XP level 1. HP: 15/15 MP: 3/3
   215 | D:1      | Reached XP level 2. HP: 22/22 MP: 0/5
   218 | D:1      | Learned a level 2 spell: Scorch
   532 | D:1      | Reached XP level 3. HP: 27/28 MP: 4/6
  1239 | D:2      | Reached XP level 4. HP: 36/36 MP: 5/8
  2436 | D:3      | Found a blossoming altar of Fedhas.
  2447 | D:3      | Noticed Grinder
  2472 | D:3      | Paralysed by Grinder for 3 turns
  2475 | D:3      | Killed Grinder
  2476 | D:3      | Reached skill level 5 in Fire Magic
  2476 | D:3      | Reached XP level 5. HP: 42/42 MP: 1/11
  2476 | D:3      | Reached XP level 6. HP: 49/49 MP: 1/12
  3489 | D:4      | Noticed a black bear
  3497 | D:4      | Killed a black bear
  3498 | D:4      | Reached XP level 7. HP: 55/55 MP: 4/14
  3764 | D:4      | Reached skill level 5 in Spellcasting
  4085 | D:5      | Entered Level 5 of the Dungeon
  4197 | D:5      | Reached XP level 8. HP: 62/62 MP: 12/16
  4566 | D:5      | Learned a level 4 spell: Flame Wave
  4944 | D:6      | Reached skill level 5 in Conjurations
  5219 | D:6      | Reached XP level 9. HP: 65/68 MP: 9/18
  5291 | D:6      | Noticed Edmund
  5298 | D:6      | Killed Edmund
  5299 | D:6      | Reached skill level 1 in Fighting
  6002 | D:7      | Found a staircase to the Ecumenical Temple.
  6060 | D:7      | Found a flagged portal.
  6075 | Bailey   | Entered a bailey
  7824 | Temple   | Entered the Ecumenical Temple
  7839 | Temple   | Became a worshipper of the Shining One
  8018 | D:8      | Reached XP level 10. HP: 17/85 MP: 4/19
  9161 | D:9      | Noticed a boulder beetle
  9184 | D:9      | Killed a boulder beetle
  9185 | D:9      | Reached skill level 5 in Fighting
  9205 | D:9      | HP: 2/91 [killer bee (3)]
  9503 | D:9      | Noticed a manticore
  9504 | D:9      | HP: 3/88 [hell rat (7)]
  9504 | D:9      | Slain by a hell rat

Illustrated notes

Levels and vault maps discovered:
D:1:      minmay_arrival_split_and_join, layout_basic
D:2:      layout_loops_corners, serial_bayou_ford_a, grunt_decor_mini_mirrors,
          grunt_ministairs_15
D:3:      minmay_chambers_of_threes, layout_basic,
          mainiacjoe_overflow_cross_hatched, grunt_ministairs_1, uniq_grinder
D:4:      layout_rooms
D:5:      layout_rooms, kennysheep_path_1
D:6:      layout_basic, serial_curves, eino_curves_02, eino_curves_03,
          eino_curves_04, uniq_edmund
D:7:      layout_basic, minmay_temple_entry_overgrown, enter_bailey_2
D:8:      layout_basic
D:9:      minmay_angry_zag, layout_loops_ring, dpeg_lair_monsters
Temple:   hellmonk_temple_of_storms

Skill      XL: |  1  2  3  4  5  6  7  8  9 10 |
---------------+-------------------------------+-----
Spellcasting   | 3 4 5 6 |  6.0
Fire Magic     | 5 6 7 8 9 |  9.1
Conjurations   | 2 3 5 8 9 |  9.0
Fighting       | 3 6 |  6.5
Long Blades    | 4 |  4.1
Dodging        | |  1.5
Stealth        | |  3.0

Action                     |  1- 3 |  4- 6 |  7- 9 | 10-12 || total
---------------------------+-------+-------+-------+-------++-------
  Melee: Unarmed           |     2 |       |       |       ||     2
         Dagger            |    17 |    11 |    42 |    39 ||   109
         Punch             |       |       |     1 |     3 ||     4
         Long sword        |       |       |       |     1 ||     1
   Cast: Foxfire           |    10 |     9 |   120 |       ||   139
         Scorch            |    15 |    41 |    70 |    29 ||   155
         Flame Wave        |       |       |     7 |    12 ||    19
Ability: Spit Poison       |    21 |    24 |    36 |    22 ||   103
    Use: Scroll            |       |       |     8 |    10 ||    18
         Potion            |       |       |     1 |     4 ||     5
 Armour: Robe              |     4 |    17 |    43 |    34 ||    98
  Dodge: Dodged            |    21 |    15 |    61 |    59 ||   156
